 Dungeon Crawl Stone Soup version 0.19.1 (webtiles) character file.

1103 Host24 the Fighter (level 8, 0/54 HPs)
             Began as a Kobold Assassin on Dec 24, 2016.
             Was a Follower of Dithmenos.
             Killed from afar by Natasha (5 damage)
             ... with a magic dart
             ... on level 3 of the Dungeon.
             The game lasted 00:15:20 (5110 turns).

Host24 the Fighter (Kobold Assassin)                Turns: 5110, Time: 00:15:21

Health: 0/54       AC:  3    Str:  8    XL:     8   Next: 58%
Magic:  8/8        EV: 20    Int: 12    God:    Dithmenos [*.....]
Gold:   288        SH:  0    Dex: 19    Spells: 0 memorised, 7 levels left

rFire  . . .     SeeInvis .     D - +2 dagger (venom)
rCold  . . .     Gourm    .     c - +0 robe
rNeg   . . .     Faith    .     (shield restricted)
rPois  .         Spirit   .     (no helmet)
rElec  .         Reflect  .     d - +0 cloak
rCorr  +         Harm     .     (no gloves)
MR     .....                    (no boots)
Stlth  ++++......               (no amulet)
                                (no ring)
                                z - ring of resist corrosion

@: slowed, wreathed by umbra, very slow
A: carnivore 3
a: Renounce Religion


You were on level 3 of the Dungeon.
You worshipped Dithmenos.
Dithmenos was aware of your devotion.
You were very full.

You visited 1 branch of the dungeon, and saw 5 of its levels.

You collected 288 gold pieces.

Inventory:

Hand Weapons
 a - a +3 dagger
 b - a +0 blowgun
 e - a +0 hunting sling
 r - a +0 dagger of pain
 D - a +2 dagger of venom (weapon)
 I - a +2 hand axe of freezing
Missiles
 f - 2 curare-tipped needles
 h - 93 stones (quivered)
 q - 27 bolts
 t - 14 poisoned needles
 x - 8 needles of frenzy
 A - 10 tomahawks
 E - a throwing net
 F - 23 sling bullets
Armour
 c - a +0 robe (worn)
 d - a +0 cloak (worn)
 H - a +0 robe of fire resistance
Jewellery
 z - a ring of resist corrosion (left hand)
Scrolls
 j - 2 scrolls of amnesia
 k - 2 scrolls of enchant weapon
 m - 3 scrolls of teleportation {unknown}
 s - 4 scrolls of remove curse
 u - 5 scrolls of identify
 w - a scroll of magic mapping {unknown}
 B - a scroll of recharging {unknown}
 C - a scroll of random uselessness {unknown}
 G - a scroll of fear {unknown}
 K - a scroll of brand weapon {unknown}
Potions
 i - a potion of curing
 l - a potion of agility {unknown}
 n - 2 potions of degeneration {unknown}
 o - 2 potions of brilliance {unknown}
 p - 2 potions of mutation {unknown}
 v - 2 potions of heal wounds {unknown}
 J - a potion of lignification {unknown}
 M - a potion of berserk rage {unknown}
Books
 y - a book of Debilitation

   Spells                             Type                      Level
   a - Corona                         Hexes                        1
   b - Slow                           Hexes                        2
   c - Gell's Gravitas                Hexes/Translocation          3
   d - Inner Flame                    Hexes/Fire                   3
   e - Cause Fear                     Hexes                        4
   f - Leda's Liquefaction            Hexes/Earth                  4
Comestibles
 g - 6 meat rations


   Skills:
 - Level 8.0 Fighting
 - Level 5.0 Short Blades
 - Level 2.1 Throwing
 + Level 6.6 Dodging
 - Level 5.3 Stealth


You had 7 spell levels left.
You didn't know any spells.

Dungeon Overview and Level Annotations

Branches:
Dungeon (5/15)
 Temple: D:4-7

Altars:
Dithmenos
Xom

Annotations:
D:3 Grinder; Host24's ghost, amateur KoAs; Natasha
D:5 Kave's ghost, amateur TrTm


Innate Abilities, Weirdness & Mutations

You are small and have problems with some larger weapons.
You are carnivorous and can eat meat at any time.


Message History

Natasha is heavily wounded.
The white imp completely misses you. Natasha barely misses you.
The crimson imp completely misses you. The white imp hits you.
* * * LOW HITPOINT WARNING * * *
The white imp freezes you.
* * * LOW HITPOINT WARNING * * *
Natasha howls an incantation.
You feel troubled. Natasha misses you.
You feel better. The crimson imp misses you. The white imp closely misses you.
Natasha barely misses you. The crimson imp closely misses you.
You hit Natasha.
Natasha looks as sick as possible!
Natasha is severely wounded.
The white imp hits you.
* * * LOW HITPOINT WARNING * * *
The white imp freezes you.
* * * LOW HITPOINT WARNING * * *
Natasha stares at you and mumbles some strange words.
The magic dart hits you!
You die...

######.##....##..##..<..##
#.........##.....##..####
..####..#######.....<#
#######.######.).....###
#........##)#..##...#
####........##.##.##...####
...........)...†>...........
####........#......#...#####
#........#..5@....#.#
##########...h5.###.#
######## #......# ..
.......######......# #.#
.....†.............# #.#
.......##########..# #..
##.##### ##.# #.# #.# ##.##
#..####### #.# ##### #...###
#........


You could see Natasha, a crimson imp and a white imp.

Vanquished Creatures
  A phantom (D:4)
  A sky beast (D:5)
  2 ogres
  Blork the orc (D:4)
  A big kobold (D:3)
  A crimson imp (D:5)
  A hound (D:5)
  An orc priest (D:4)
  2 centaur skeletons (D:4)
  A bullfrog skeleton (D:4)
  Natasha (twice) (D:3)
  5 orc wizards
  4 worker ants
  6 adders
  An ooze (D:1)
  4 worms
  3 dart slugs
  4 leopard geckos
  6 orcs
  4 bats
  5 giant cockroaches
  5 goblins
  12 hobgoblins
  3 jackals (D:2)
  A quokka (D:3)
  2 ball pythons (D:5)
  9 frilled lizards
  12 kobolds
  6 rats
  A butterfly (D:4)
107 creatures vanquished.

Notes
Turn   | Place    | Note
-------+----------+-------------------------------------------
     0 | D:1      | Host24 the Kobold Assassin began the quest for the Orb.
     0 | D:1      | Reached XP level 1. HP: 12/12 MP: 1/1
   145 | D:1      | Reached skill level 3 in Fighting
   145 | D:1      | Reached XP level 2. HP: 12/19 MP: 2/2
   400 | D:1      | Reached XP level 3. HP: 20/23 MP: 3/3
   901 | D:2      | Reached skill level 4 in Fighting
  1298 | D:2      | Reached XP level 4. HP: 30/30 MP: 4/4
  2079 | D:3      | Noticed Host24's ghost (amateur KoAs)
  2178 | D:3      | Reached skill level 5 in Fighting
  2325 | D:3      | Noticed Natasha
  2345 | D:3      | Killed Natasha
  2345 | D:3      | Reached XP level 5. HP: 15/35 MP: 5/5
  2660 | D:3      | Noticed a big kobold
  2692 | D:3      | Killed a big kobold
  2692 | D:3      | Reached XP level 6. HP: 19/40 MP: 6/6
  3064 | D:3      | Found a shadowy altar of Dithmenos.
  3085 | D:3      | Became a worshipper of Dithmenos the Shadowed
  3171 | D:3      | Noticed Grinder
  3291 | D:3      | Noticed Natasha
  3303 | D:3      | Killed Natasha
  3323 | D:3      | Reached skill level 5 in Dodging
  3370 | D:3      | Noticed Natasha
  3439 | D:4      | Noticed a phantom
  3502 | D:4      | Found a shimmering altar of Xom.
  3589 | D:4      | Noticed Blork the orc
  3599 | D:4      | You fall through a shaft!
  3599 | D:5      | Entered Level 5 of the Dungeon
  3833 | D:5      | Noticed an ogre
  3849 | D:5      | Killed an ogre
  3849 | D:5      | Reached skill level 5 in Short Blades
  3849 | D:5      | Reached XP level 7. HP: 27/44 MP: 7/7
  4151 | D:5      | Reached skill level 6 in Fighting
  4182 | D:5      | Noticed Kave's ghost (amateur TrTm)
  4337 | D:4      | Reached skill level 7 in Fighting
  4373 | D:4      | Reached XP level 8. HP: 42/53 MP: 8/8
  4414 | D:4      | Reached * piety under Dithmenos
  4490 | D:4      | HP: 2/53 [orc priest/divine providence (16)]
  4627 | D:4      | Killed Blork the orc
  4746 | D:4      | Reached skill level 8 in Fighting
  5110 | D:3      | Killed from afar by Natasha

Skill      XL: |  1  2  3  4  5  6  7  8 |
---------------+-------------------------+-----
Fighting       | 3 4 5 7 8 |  8.0
Dodging        | 3 5 6 |  6.6
Short Blades   | 5 |  5.0
Throwing       | |  2.1
Stealth        | |  5.3

Action                   |  1- 3 |  4- 6 |  7- 9 || total
-------------------------+-------+-------+-------++-------
Melee: Dagger            |    88 |   208 |   155 ||   451
 Fire: Blowgun           |     8 |    28 |     7 ||    43
  Use: Scroll            |       |     4 |       ||     4
       Potion            |       |     1 |     5 ||     6
 Stab: Sleeping          |    12 |     6 |     6 ||    24
       Distracted        |       |     1 |       ||     1
  Eat: Chunk             |     9 |     8 |     3 ||    20
Armor: Robe              |    13 |    27 |     8 ||    48
Dodge: Dodged            |    50 |   122 |   143 ||   315
